 Dungeon Crawl Stone Soup version 0.29.1-4-g47bece8355 (webtiles) character file.

Game seed: 16276883633090576725

11 hawla the Gusty (level 2, 0/20 HPs)
             Began as a Meteoran Air Elementalist on Dec 4, 2022.
             Slain by Jessica
             ... wielding a +0 club
              (7 damage)
             ... on level 2 of the Dungeon.
             The game lasted 00:01:02 (195 turns).

hawla the Gusty (Meteoran Air Elementalist)          Turns: 195, Time: 00:01:04

Health: 0/20       AC:  2    Str:  9    XL:     2   Next: 58%
Magic:  0/6        EV: 13    Int: 16    God:
Gold:   25         SH:  0    Dex: 14    Spells: 5/6 levels left

rFire   . . .      SeeInvis .   (no weapon)
rCold   . . .      Faith    .   (no shield)
rNeg    . . .      Spirit   .   a - +0 robe
rPois   .          Reflect  .   (no helmet)
rElec   .          Harm     .   (no cloak)
rCorr   .          Rampage  .   (no gloves)
Will    .....                   (no boots)
Stlth   +.........              (no amulet)
HPRegen 0.06/turn               (no ring)
MPRegen 0.10/turn               (no ring)

@: glowing
A: sense surroundings 1, otherworldly, glowing, explore regen
a: no special abilities


You were on level 2 of the Dungeon.
You visited 1 branch of the dungeon, and saw 2 of its levels.

You collected 25 gold pieces.

Inventory:

Armour
 a - a +0 robe (worn)
Potions
 b - 2 potions of magic
 c - a potion of heal wounds {unknown}


   Skills:
 + Level 2.9 Dodging
 - Level 1.4 Stealth
 + Level 2.9 Spellcasting
 + Level 1.2 Conjurations
 + Level 4.0 Air Magic


You had 5 spell levels left.
You knew the following spells:

 Your Spells              Type           Power      Damage    Failure   Level
a - Shock                 Conj/Air       40%        1d5       6%          1

Your spell library contained the following spells:

 Spells                   Type           Power      Damage    Failure   Level
 Static Discharge         Conj/Air       10%        3-5/arc   10%         2
 Swiftness                Air            15%        N/A       11%         3
 Airstrike                Air            7%         2d(2-18)  36%         4
 Stone Arrow              Conj/Erth      8%         3d7       41%         3
 Animate Armour           Summ/Erth      4%         N/A       88%         4
 Lehudib's Crystal Spear  Conj/Erth      2%         10d2      100%        8


Dungeon Overview and Level Annotations

Branches:
Dungeon (2/15) Zot: 1004

Altars:

Annotations:
D:2 Jessica


Innate Abilities, Weirdness & Mutations

You passively map a small area around you.
You are easily found by Zot.
You glow in the dark.
You regain HP and MP as you explore.


Message History

You are too injured to fight recklessly!
You hit Jessica but do no damage.
Jessica is almost dead.
Jessica mumbles some strange words.
Jessica blinks!
Jessica misses you.
Casting: Shock (safe; 6% risk of failure)
Confirm with . or Enter, or press ? or * to list all spells.
Aiming: Shock (safe; 6% risk of failure)
Press: ? - help, Shift-Dir - straight line, f/p - Jessica
Aim: Jessica, wielding a +0 club and wearing a +0 robe (almost dead, 68% to hit)
The zap misses Jessica.
Jessica points at you and mumbles some strange words.
You resist with some effort.
You closely miss Jessica.
Jessica is almost dead.
Jessica closely misses you.
You closely miss Jessica.
Jessica is severely wounded.
Jessica hits you with a +0 club.
You closely miss Jessica.
Jessica is severely wounded.
Jessica barely misses you.
Your magical contamination has completely faded away.
You barely miss Jessica.
Jessica is severely wounded.
Jessica hits you with a +0 club.
* * * LOW HITPOINT WARNING * * *
You closely miss Jessica.
Jessica is severely wounded.
Jessica barely misses you.
Casting: Shock (safe; 6% risk of failure)
Confirm with . or Enter, or press ? or * to list all spells.
Aiming: Shock (safe; 6% risk of failure)
Press: ? - help, Shift-Dir - straight line, f/p - Jessica
Aim: Jessica, wielding a +0 club and wearing a +0 robe (severely wounded, 68% to hit)
The zap hits Jessica.
Jessica is almost dead.
Jessica hits you with a +0 club!
You die...

.###..#.# ..8...#.#
#. .....##.# #.#
.._.8##.# #.#
.....##.# #.# * , ,
..8...#.# #.# *
.###..#.# #.#### *
######+ #######..@.#
....# ........@..#
###.# * ######....# #
#.# #.#.## , #.#
#.#...,
###.###########.#####
,* ................#
* ....#############
#####


You could see Jessica.

Vanquished Creatures
  An adder (D:2)
  An endoplasm (D:2)
  A bat (D:1)
  A frilled lizard (D:1)
4 creatures vanquished.

Notes
Turn   | Place    | Note
-------+----------+-------------------------------------------
     0 | D:1      | hawla the Meteoran Air Elementalist began the quest for the
                  | Orb.
     0 | D:1      | Reached XP level 1. HP: 14/14 MP: 5/5
   125 | D:2      | Found a faded altar of an unknown god.
   177 | D:2      | Reached skill level 4 in Air Magic
   177 | D:2      | Reached XP level 2. HP: 12/20 MP: 2/6
   180 | D:2      | Noticed Jessica
   195 | D:2      | Slain by Jessica

Illustrated notes

Levels and vault maps discovered:
D:1:      eino_arrival_cavern_d, layout_loops_cross
D:2:      layout_loops_ring, hellmonk_ecumenical_altar_slurped_away,
          uniq_jessica, uniq_robin, uniq_crazy_yiuf_cottage

Skill      XL: |  1 |
---------------+----+-----
Air Magic      | 4 |  4.0
Dodging        | |  2.9
Stealth        | |  1.4
Spellcasting   | |  2.9
Conjurations   | |  1.2

Action                   || total
-------------------------++-------
Melee: Unarmed           ||     6
 Cast: Shock             ||    12
Dodge: Dodged            ||     6
